 Dungeon Crawl Stone Soup version 0.31-a0-408-gb642c7f9a3 (webtiles) character file.

Game seed: 7264028800363515051

2783 bobarctor the Magician (level 9, -7/53 (61) HPs)
             Began as a Demonspawn Venom Mage on July 30, 2023.
             Was a Follower of Okawaru.
             Mangled by a wight
             ... wielding a +2 flail
              (12 damage)
             ... on level 7 of the Dungeon.
             The game lasted 00:49:30 (8570 turns).

bobarctor the Magician (Demonspawn Venom Mage)      Turns: 8570, Time: 00:49:30

HP:   -7/53 (61)    AC:  3    Str:  9    XL:     9   Next: 43%
MP:   18/18         EV: 12    Int: 21    God:    Okawaru [*.....]
Gold: 305           SH:  0    Dex: 19    Spells: 8/21 levels left

rFire   . . .        x - +8 short sword of Nemelex Xobeh's Pride {freeze, rPois rC+ Dex+2}
rCold   + + .        (no shield)
rNeg    . . .        C - +0 leather armour {rC+}
rPois   +            (no helmet)
rElec   .            (no cloak)
rCorr   .            (no gloves)
SInv    +            l - +1 pair of boots
Will    .....        (no amulet)
Stlth   +++++        G - ring of see invisible
HPRegen 0.28/turn    H - ring of wizardry
MPRegen 0.16/turn

%: wizardry (x1)
@: about to teleport, heavily drained
A: thin skeletal structure 2, demonic magic 1, talons 1, deformed body
a: Renounce Religion, Heroism


You were on level 7 of the Dungeon.
You worshipped Okawaru.
Okawaru was aware of your devotion.
You visited 2 branches of the dungeon, and saw 8 of its levels.
You also visited: Sewer.

You collected 441 gold pieces.
You spent 136 gold pieces at shops.

Inventory:

Hand Weapons
 x - the +8 short sword of Nemelex Xobeh's Pride (weapon) {freeze, rPois rC+ Dex+2}
   (You bought it in a shop on level 1 of the Dungeon)

   Dex:       It affects your dexterity (+2).
   rC:        It protects you from cold.
   rPois:     It protects you from poison.
 y - a +5 dagger of electrocution
 R - a +1 dagger of venom
Missiles
 e - 91 stones
 t - 43 poisoned darts
 B - 2 boomerangs
Armour
 l - a +1 pair of boots (worn)
 n - an orb of energy
 C - a +0 leather armour of cold resistance (worn)
 P - a +0 leather armour of fire resistance
 S - a +0 helmet
Magical Staves
 h - a staff of conjuration
Jewellery
 s - a ring of poison resistance
 G - a ring of see invisible (left hand)
 H - a ring of wizardry (right hand)
Wands
 D - a wand of polymorph (12)
 F - a wand of iceblast (12)
Scrolls
 f - 5 scrolls of teleportation
Potions
 b - a potion of magic
 i - 2 potions of enlightenment {unknown}
 j - 3 potions of resistance
 k - 2 potions of berserk rage {unknown}
 p - a potion of ambrosia {unknown}
 q - a potion of experience {unknown}
 r - 5 potions of heal wounds
 v - 2 potions of cancellation {unknown}
 J - 4 potions of brilliance {unknown}
 L - a potion of haste {unknown}
 M - a potion of might {unknown}
 N - 2 potions of curing {unknown}
 O - a potion of attraction {unknown}


   Skills:
 + Level 1.9 Fighting
 + Level 3.9 Short Blades
 + Level 2.9 Dodging
 + Level 4.2 Stealth
 * Level 6.5 Spellcasting
 + Level 4.1 Conjurations
 + Level 3.4 Necromancy
 + Level 1.2 Transmutations
 + Level 3.8 Air Magic
 + Level 4.8 Poison Magic
 * Level 3.0 Invocations


You had 8 spell levels left.
You knew the following spells:

 Your Spells              Type           Power      Damage    Failure   Level
a - Sting                 Tmut/Pois      76%        1d6       1%          1
b - Poisonous Vapours     Pois/Air       50%        N/A       1%          2
c - Mephitic Cloud        Conj/Pois/Air  24%        N/A       2%          3
d - Stone Arrow           Conj/Erth      30%        3d8       6%          3
e - Necrotise             Necr           84%        1d8       1%          1
f - Swiftness             Air            22%        N/A       3%          3

Your spell library contained the following spells:

 Spells                   Type           Power      Damage    Failure   Level
 Sublimation of Blood     Necr           21%        N/A       1%          2
 Apportation              Tloc           12%        N/A       5%          1
 Sandblast                Erth           14%        2d6       5%          1
 Passwall                 Tmut/Erth      7%         N/A       6%          2
 Dazzling Flash           Conj/Hex       30%        N/A       7%          3
 Olgreb's Toxic Radiance  Pois           27%        N/A       8%          4
 Ensorcelled Hibernation  Hex/Ice        12%        N/A       9%          2
 Volatile Blastmotes      Fire/Tloc      12%        2d11      16%         3
 Petrify                  Tmut/Erth      9%         N/A       36%         4
 Irradiate                Conj/Tmut      9%         3d14      41%         5
 Starburst                Conj/Fire      7%         6d4       96%         6
 Maxwell's Capacitive Co  Air            11%        ∞         100%        8
 Summon Small Mammal      Summ           Unusable   N/A       N/A         1

Dungeon Overview and Level Annotations

Branches:
Dungeon (7/15)             Temple (1/1) D:7           Sewer (visited)

Altars:
Ashenzari
Cheibriados
Dithmenos
Gozag
Hepliaklqana
Kikubaaqudgha
Okawaru
Qazlal
Ru
Sif Muna
Trog
Uskayaw
Vehumet
Wu Jian
Xom
Yredelemnul

Shops:
D:1 (

Portals:
Abyss: D:5

Annotations:
D:5 2 transporters, Pokonic1's ghost, amateur DrSh


Innate Abilities, Weirdness & Mutations

You have a moderately thin skeletal structure. (Dex +4, Stealth++)
Spells you cast may paralyse adjacent enemies.
You have sharp toenails.
Armour fits poorly on your strangely shaped body.


Message History

You destroy the wight!
Okawaru accepts your kill.
Your life force feels restored.
Your Invocations skill increases to level 3!
Things that are here:
a +4 great sword; a +0 robe Magic restored.
You feel like a meek peon again.
A wight comes into view. It is wielding a +2 flail.
A wight comes into view. It is wielding a +2 morningstar.
Casting: Stone Arrow (dangerous; 6% risk of failure)
Confirm with . or Enter, or press ? or * to list all spells.
Okay, then.
Casting: Stone Arrow (dangerous; 6% risk of failure)
Confirm with . or Enter, or press ? or * to list all spells.
You can't see any susceptible monsters within range! (Use Z to cast anyway.)
You gain the combat prowess of a mighty hero.
A wight comes into view.
It is wielding a +2 short sword of freezing.
You closely miss the wight. The wight hits you with a +2 flail!
You feel drained.
You barely miss the wight. You barely miss the wight.
The wight hits you with a +2 flail.
You feel drained.
You closely miss the wight. Your punch misses the wight.
The wight hits you with a +2 flail!
You hit the wight.
The wight is moderately damaged.
The wight attacks as you move away! The wight hits you with a +2 flail!
The wight attacks as you move away! The wight hits you with a +2 flail!
You feel drained.
* * * LOW HITPOINT WARNING * * *
As you read the scroll of teleportation, it crumbles to dust.
You feel strangely unstable. The wight barely misses you.
The wight attacks as you move away! The wight hits you with a +2 flail!
* * * LOW HITPOINT WARNING * * *
You feel drained.
* * * LOW HITPOINT WARNING * * *
You feel like a meek peon again. The wight attacks as you move away!
The wight hits you with a +2 flail!
You die...

#.........# #.........#
#....zz...# .
.....###..########### ##### .#
.....###..#..#.##...###...###..
.
..........#..............'.....
..........z..............#.....
.#........#..z...........#.....
##.......#.z.@..........#.....
#..#...###...##..##.##.##..#
#.########...##..##.##.##..##
#. #.....#.......#....... #
#.....#.......#.......
#.....#)......#.......
#.....'.......#.......
#.....#.......#.......
####+##.####...####...##


You could see 3 wights.

Vanquished Creatures
  A steam dragon (D:7)
  2 water moccasins
  An orc warrior (D:6)
  2 sky beasts (D:6)
  2 ice beasts
  3 ogres
  A kobold brigand (D:5)
  2 scorpions
  4 wights (D:7)
  A killer bee (D:7)
  An electric eel (D:6)
  6 orc priests
  5 hounds
  A gnoll bouda (D:7)
  A sleepcap (D:4)
  3 iguanas
  11 orc wizards
  A hound zombie (D:3)
  A mummy (D:6)
  10 gnolls
  4 adders
  3 white imps
  An ufetubus (D:5)
  2 adder zombies (D:3)
  4 worms
  3 dart slugs
  24 orcs
  9 ball pythons
  8 endoplasms
  6 giant cockroaches
  10 goblins
  10 hobgoblins
  3 jackals (D:3)
  2 quokkas (D:1)
  A ball python zombie (D:3)
  8 bats
  9 frilled lizards
  42 kobolds
  7 rats
215 creatures vanquished.

Vanquished Creatures (collateral kills)
  3 killer bees (D:7)
3 creatures vanquished.

Grand Total: 218 creatures vanquished

Notes
Turn   | Place    | Note
-------+----------+-------------------------------------------
     0 | D:1      | bobarctor the Demonspawn Venom Mage began the quest for the
                  | Orb.
     0 | D:1      | Reached XP level 1. HP: 13/13 MP: 3/3
   211 | D:1      | Gained mutation: You have a somewhat thin skeletal
                  | structure. (Dex +2, Stealth+) [demonic ancestry]
   211 | D:1      | Reached XP level 2. HP: 15/19 MP: 0/5
   214 | D:1      | Learned a level 2 spell: Poisonous Vapours
   295 | D:1      | Reached skill level 1 in Transmutations
   761 | D:1      | Found a faded altar of an unknown god.
   930 | D:1      | Found Ubla Moik's Antique Weapon Emporium.
  1108 | D:1      | Reached XP level 3. HP: 24/24 MP: 2/6
  1811 | D:2      | Learned a level 3 spell: Mephitic Cloud
  2349 | D:2      | Reached skill level 1 in Air Magic
  2427 | D:2      | Gained mutation: Spells you cast may paralyse adjacent
                  | enemies. [demonic ancestry]
  2427 | D:2      | Reached XP level 4. HP: 27/30 MP: 3/8
  2452 | D:2      | Reached skill level 1 in Conjurations
  2558 | D:2      | Reached skill level 3 in Spellcasting
  3449 | D:3      | Reached XP level 5. HP: 35/35 MP: 7/10
  3534 | D:3      | Found a basalt altar of Yredelemnul.
  3676 | D:1      | Bought an ichor-stained short sword for 136 gold pieces
  3676 | D:1      | Identified the +8 short sword of Nemelex Xobeh's Pride
                  | {freeze, rPois rC+ Dex+2} (You bought it in a shop on level
                  | 1 of the Dungeon)
  4728 | D:5      | Entered Level 5 of the Dungeon
  4733 | D:5      | Noticed an ogre
  4744 | D:4      | Reached XP level 6. HP: 27/41 MP: 3/11
  4846 | D:5      | Reached skill level 4 in Spellcasting
  4953 | D:5      | Learned a level 3 spell: Stone Arrow
  4995 | D:5      | Reached skill level 1 in Short Blades
  5098 | D:5      | Learned a level 1 spell: Necrotise
  5108 | D:5      | Noticed an ice beast
  5136 | D:5      | Killed an ice beast
  5137 | D:5      | Reached XP level 7. HP: 36/47 MP: 6/13
  5318 | D:5      | Reached skill level 1 in Necromancy
  5412 | D:5      | Found a transporter.
  5413 | D:5      | Found a one-way gate to the infinite horrors of the Abyss.
  5413 | D:5      | Noticed Pokonic1's ghost (amateur DrSh)
  5564 | D:5      | Reached skill level 1 in Fighting
  5883 | D:5      | Found a transporter.
  6062 | D:6      | Found a glowing drain.
  6081 | Sewer    | Entered a sewer
  6451 | D:6      | Learned a level 3 spell: Swiftness
  6528 | D:6      | Reached XP level 8. HP: 45/54 MP: 11/15
  6603 | D:6      | Reached skill level 5 in Spellcasting
  6644 | D:6      | Found a snail-covered altar of Cheibriados.
  7120 | D:6      | Found an iron altar of Okawaru.
  7128 | D:6      | Became a worshipper of Warmaster Okawaru
  7580 | D:6      | Reached skill level 1 in Invocations
  7695 | D:6      | Reached * piety under Okawaru
  7809 | D:7      | Gained mutation: You have a moderately thin skeletal
                  | structure. (Dex +4, Stealth++) [demonic ancestry]
  7809 | D:7      | Reached XP level 9. HP: 43/60 MP: 4/17
  7993 | D:7      | Reached skill level 6 in Spellcasting
  8233 | D:7      | Found a staircase to the Ecumenical Temple.
  8248 | Temple   | Entered the Ecumenical Temple
  8258 | Temple   | Gained mutation: You are somewhat resistant to further
                  | mutation. [potion of mutation]
  8258 | Temple   | Gained mutation: You have a pair of small horns on your
                  | head. [potion of mutation]
  8259 | Temple   | Lost mutation: You are somewhat resistant to further
                  | mutation. [potion of mutation]
  8259 | Temple   | Lost mutation: You have a pair of small horns on your head.
                  | [potion of mutation]
  8259 | Temple   | Gained mutation: Armour fits poorly on your strangely
                  | shaped body. [potion of mutation]
  8259 | Temple   | Gained mutation: You have sharp toenails. [potion of
                  | mutation]
  8570 | D:7      | Mangled by a wight

Illustrated notes

Levels and vault maps discovered:
D:1:      ncdulo_halloftheorcs, layout_basic, serial_shops, shop,
          shapermc_ecumenical_altar_totnotflames
D:2:      cheibrodos_old_hovel, layout_loops_corners, kennysheep_generic_room_7
D:3:      layout_rooms, nicolae_yredelemnul_corpse_copse
D:4:      layout_loops_ring, minmay_misc_feat_more_columns,
          corexii_checkpoint_a, st_stairs_9, kennysheep_doodads,
          chequers_big_river
D:5:      kennysheep_kobold_camp, layout_loops_ring,
          gammafunk_ghost_abyssal_escape
D:6:      layout_basic, nicolae_overflow_crystal_walls, slow_altar_2,
          portal_sewer_entry_c, grunt_ministairs_6, kennysheep_potato
D:7:      layout_gridville, zin_statuary, elyvilon_altar_5,
          minmay_temple_entry_glass, grunt_ministairs_6
Temple:   nicolae_temple_ecumenical_triangle

Skill      XL: |  1  2  3  4  5  6  7  8  9 |
---------------+----------------------------+-----
Transmutations | 1 |  1.2
Air Magic      | 1 2 3 |  3.8
Conjurations   | 1 2 3 4 |  4.1
Spellcasting   | 3 4 5 6 |  6.5
Dodging        | 2 |  2.9
Stealth        | 2 3 4 |  4.2
Short Blades   | 1 2 3 |  3.9
Poison Magic   | 4 |  4.8
Necromancy     | 2 3 |  3.4
Fighting       | 1 |  1.9
Invocations    | 1 3 |  3.0

Action                     |  1- 3 |  4- 6 |  7- 9 || total
---------------------------+-------+-------+-------++-------
  Melee: Short sword       |    37 |    63 |   268 ||   368
         Staff             |    41 |   118 |       ||   159
         Punch             |     1 |     2 |     4 ||     7
   Cast: Sting             |    35 |    20 |       ||    55
         Poisonous Vapours |    23 |    30 |    21 ||    74
         Mephitic Cloud    |       |     7 |    20 ||    27
         Necrotise         |       |     2 |    15 ||    17
         Stone Arrow       |       |       |     2 ||     2
 Invoke: Heroism           |       |       |     2 ||     2
    Use: Scroll            |       |       |    15 ||    15
         Potion            |       |       |     2 ||     2
   Stab: Sleeping          |     1 |     3 |     4 ||     8
         Paralysed         |       |     8 |     8 ||    16
         Confused          |       |     3 |    13 ||    16
 Armour: Robe              |    11 |    59 |       ||    70
         Leather armour    |       |     2 |    53 ||    55
  Dodge: Dodged            |    47 |   113 |   132 ||   292

Table legend: (Time is in decaauts)
 A = Elapsed time spent in this place.
 B = Non-inter-level travel time spent in this place.
 C = Inter-level travel time spent in this place.
 D = Time resting spent in this place.
 E = Time spent auto-exploring this place.
 F = Levels seen in this place.
 G = Mean time per level.
                   A        B        C        D        E       F      G
               +--------+--------+--------+--------+--------+-----+--------+
         Total |   8599 |   8297 |    302 |   1824 |   4335 |   9 |  955.4 |
       Dungeon |   8297 |   7995 |    302 |   1824 |   4246 |   7 | 1185.3 |
        Temple |     19 |     19 |      0 |      0 |      0 |   1 |   19.0 |
         Sewer |    282 |    282 |      0 |      0 |     89 |   1 |  282.0 |
               +--------+--------+--------+--------+--------+-----+--------+

Top non-repeatable levels by time:
     D:1: 1604 daAuts
     D:2: 1574 daAuts
     D:6: 1469 daAuts
     D:5: 1229 daAuts
     D:4: 1082 daAuts
     D:7: 744 daAuts
     D:3: 592 daAuts
   Sewer: 282 daAuts
  Temple: 19 daAuts
